 Dungeon Crawl Stone Soup version 0.29.1-1-gd02db6906a (webtiles) character file.

Game seed: 12061325977170687657

5686 EvilAshe the Tainter (level 10, -1/44 HPs)
             Began as a Spriggan Venom Mage on Sept 25, 2022.
             Was an Initiate of Yredelemnul.
             Slain by a centaur warrior (13 damage)
             ... on level 9 of the Dungeon.
             The game lasted 00:37:25 (13302 turns).

EvilAshe the Tainter (Spriggan Venom Mage)         Turns: 13302, Time: 00:37:26

Health: -1/44      AC:  5    Str:  4    XL:     10   Next: 47%
Magic:  18/33      EV: 17    Int: 20    God:    Yredelemnul [......]
Gold:   416        SH: 12    Dex: 17    Spells: 17/28 levels left

rFire   . . .      SeeInvis +   h - +0 whip (freeze)
rCold   . . .      Faith    .   k - +0 buckler
rNeg    . . .      Spirit   .   a - +0 robe
rPois   .          Reflect  +   (helmet restricted)
rElec   .          Harm     .   L - +2 cloak
rCorr   .          Rampage  .   (gloves unavailable)
Will    +....                   (boots unavailable)
Stlth   ++........              f - amulet of reflection
HPRegen 0.14/turn               y - ring of magical power
MPRegen 0.23/turn               (no ring)

@: very slightly contaminated, invisible, very quick
A: very small, no large weapons, unfitting armour, see invisible, speed 3
a: Renounce Religion, Recall Undead Harvest


You were on level 9 of the Dungeon.
You worshipped Yredelemnul.
Yredelemnul was noncommittal.
You visited 1 branch of the dungeon, and saw 9 of its levels.

You collected 416 gold pieces.

Inventory:

Hand Weapons
 h - a +0 whip of freezing (weapon)
 s - a +5 falchion
Armour
 a - a +0 robe (worn)
 k - a +0 buckler (worn)
 v - a scarf of invisibility
 L - a +2 cloak (worn)
Magical Staves
 d - a staff of air
 u - a staff of poison
Jewellery
 f - an amulet of reflection (around neck)
 y - a ring of magical power (left hand)
 A - a ring of protection from fire
 F - the ring "Farghott" {Wiz Fly}
   (You took it off an orc on level 7 of the Dungeon)

   [ring of wizardry]

   It improves your spell success rate.
   Fly:       It grants you flight.
Wands
 o - a wand of paralysis (19)
 q - a wand of polymorph (4)
 H - a wand of flame (13)
 N - a wand of roots (5)
Scrolls
 e - a scroll of poison {unknown}
 g - a scroll of fear {unknown}
 i - 2 scrolls of teleportation
 m - 4 scrolls of enchant weapon
 n - 2 scrolls of vulnerability {unknown}
 p - a scroll of immolation
 r - a scroll of enchant armour {unknown}
 C - a scroll of fog {unknown}
 E - a scroll of magic mapping {unknown}
 J - 3 scrolls of identify
 M - a scroll of amnesia {unknown}
Potions
 b - a potion of magic
 c - 3 potions of mutation
 j - 3 potions of curing
 l - 2 potions of cancellation
 t - a potion of haste
 w - 2 potions of lignification
 x - 2 potions of heal wounds
 B - a potion of flight {unknown}
 D - a potion of resistance
 G - a potion of attraction {unknown}
 I - a potion of brilliance {unknown}
 K - a potion of degeneration {unknown}


   Skills:
 + Level 4.1 Dodging
 - Level 3.2 Stealth
 + Level 5.5 Shields
 + Level 9.7 Spellcasting
 + Level 1.7 Necromancy
 - Level 3.0 Transmutations
 - Level 1.1 Air Magic
 + Level 11.1 Poison Magic


You had 17 spell levels left.
You knew the following spells:

 Your Spells              Type           Power      Damage    Failure   Level
a - Sting                 Tmut/Pois      100%       1d8       1%          1
b - Poisonous Vapours     Pois/Air       68%        N/A       1%          2
c - Olgreb's Toxic Radia  Pois           53%        N/A       1%          4
d - Dispel Undead         Necr           16%        3d10      54%         4

Your spell library contained the following spells:

 Spells                   Type           Power      Damage    Failure   Level
 Ignite Poison            Fire/Tmut/Pois 28%        N/A       6%          3
 Necrotise                Necr           64%        1d7       7%          1
 Mephitic Cloud           Conj/Pois/Air  26%        N/A       8%          3
 Apportation              Tloc           18%        N/A       13%         1
 Magic Dart               Conj           36%        1d4       13%         1
 Summon Small Mammal      Summ           36%        N/A       13%         1
 Static Discharge         Conj/Air       11%        3-5/arc   16%         2
 Call Imp                 Summ           9%         N/A       21%         2
 Sticky Flame             Conj/Fire      9%         2d3       78%         4
 Freezing Cloud           Conj/Ice/Air   5%         6-21      97%         5


Dungeon Overview and Level Annotations

Branches:
Dungeon (9/15)             Temple (0/1) D:4
   Lair: D:8-11         Orc: D:9-12

Altars:
Ashenzari
Elyvilon
Fedhas
Kikubaaqudgha
Makhleb
Nemelex Xobeh
Ru
Sif Muna
Uskayaw
Vehumet
Yredelemnul
Zin

Shops:
D:2 *

Annotations:
D:5 Menkaure


Innate Abilities, Weirdness & Mutations

You are very small and have problems with some larger weapons.
You are too small for most types of armour.
You have supernaturally acute eyesight. (SInv)
You cover ground extremely quickly. (Speed+++)


Message History

Aiming: Sting (safe; 1% risk of failure)
Press: ? - help, Shift-Dir - straight line, f/p - centaur warrior
Aim: a centaur warrior (moderately wounded, extremely poisoned, 84% to hit)
The sting hits the centaur warrior but does no damage.
The centaur warrior looks as sick as possible!
The centaur warrior is moderately wounded.
You block the centaur warrior's attack. The centaur warrior kicks you.
Casting: Sting (safe; 1% risk of failure)
Confirm with . or Enter, or press ? or * to list all spells.
Aiming: Poisonous Vapours (safe; 1% risk of failure)
Press: ? - help, Dir - move target, f/p - centaur warrior
Aim: a centaur warrior (moderately wounded, extremely poisoned) Poisonous vapours surround the centaur warrior!
The centaur warrior looks as sick as possible!
The centaur warrior hits you! You block the centaur warrior's attack.
The centaur warrior hits you!
* * * LOW HITPOINT WARNING * * *
The centaur warrior barely misses you.
You fade into invisibility!
You block the centaur warrior's attack. The centaur warrior misses you.
Casting: Poisonous Vapours (safe; 1% risk of failure)
Confirm with . or Enter, or press ? or * to list all spells.
Aiming: Poisonous Vapours (safe; 1% risk of failure)
Press: ? - help, Dir - move target, f/p - centaur warrior
Aim: a centaur warrior (heavily wounded, unable to see you, extremely poisoned) Poisonous vapours surround the centaur warrior!
The centaur warrior looks as sick as possible!
The centaur warrior completely misses you.
You block the centaur warrior's attack. x2
The centaur warrior kicks you but does no damage.
Casting: Poisonous Vapours (safe; 1% risk of failure)
Confirm with . or Enter, or press ? or * to list all spells.
Aiming: Poisonous Vapours (safe; 1% risk of failure)
Press: ? - help, Dir - move target, f/p - centaur warrior
Aim: a centaur warrior (heavily wounded, unable to see you, extremely poisoned) Poisonous vapours surround the centaur warrior!
The centaur warrior looks as sick as possible!
The centaur warrior hits you!
You die...
Your body rises from the dead as a mindless zombie.

#..# #..# #..# #..# #..# #..#
#..# #..# #..# #..# #..# #..#
#..# #..# #..# ###.)####..##
#..# #..# ............# #..#
#..# #####'#####.# #..# #..#
#.###.#####.####..#########..#
#..'..#...#.....@............#
#.##..'...#.####.c...........#
#..'..#...#.#
#.............####
'.#####...'.#
#...#########c)...
#..O..#...#.# #...# #y((..
#.##..'...#.# #...# #..###
#..'c.#...#.# #...# #..#
#.###.#####(####...# #..# ###
#y# #(..(....# #..#


You could see a centaur warrior (unable to see you, extremely poisoned).

Vanquished Creatures
  2 two-headed ogres
  Pikel (D:5)
  Maggie (D:8)
  2 hornets
  Sigmund (D:2)
  Grum (D:8)
  A steam dragon (D:6)
  2 orc warriors
  A black bear (D:7)
  An ice beast (D:8)
  4 wolves (D:8)
  A centaur (D:8)
  2 kobold brigands (D:9)
  3 bullfrogs
  2 scorpions
  3 killer bees (D:6)
  5 howler monkeys
  3 hounds
  2 jellies
  4 orc priests
  A gnoll bouda (D:7)
  An iguana (D:5)
  7 orc wizards
  8 adders
  7 gnolls
  2 ufetubi
  3 worms
  4 dart slugs
  13 orcs
  6 endoplasms
  A giant cockroach (D:1)
  6 hobgoblins
  2 quokkas
  8 ball pythons
  7 bats
  2 frilled lizards
  10 goblins
  10 kobolds
  6 rats
146 creatures vanquished.

Vanquished Creatures (collateral kills)
  Maurice (D:8)
  A water moccasin (D:5)
  A kobold brigand (D:8)
  2 wights (D:7)
  A jelly (D:6)
  Ijyb (D:5)
  2 gnolls
  A shadow imp (D:7)
  An orc (D:5)
11 creatures vanquished.

Vanquished Creatures (others)
  A hornet zombie (D:9)
  2 bullfrog zombies (D:8)
  A centaur zombie (D:8)
  5 kobold zombies
  A hound zombie (D:5)
  2 howler monkey zombies (D:8)
  A steam dragon zombie (D:6)
  A goblin zombie (D:5)
  An iguana zombie (D:5)
  A jelly zombie (D:6)
  2 adder zombies (D:6)
  A spectral shadow imp (D:7)
  A kobold (D:4)
  4 gnoll zombies
  6 orc zombies
30 creatures vanquished.

Grand Total: 187 creatures vanquished

Notes
Turn   | Place    | Note
-------+----------+-------------------------------------------
     0 | D:1      | EvilAshe the Spriggan Venom Mage began the quest for the
                  | Orb.
     0 | D:1      | Reached XP level 1. HP: 9/9 MP: 5/5
   499 | D:2      | Found Zessumikk's Assorted Antiques.
   506 | D:2      | Reached XP level 2. HP: 13/13 MP: 1/7
   509 | D:2      | Learned a level 2 spell: Poisonous Vapours
   692 | D:2      | Noticed Sigmund
   738 | D:2      | Found a faded altar of an unknown god.
   914 | D:2      | Reached XP level 3. HP: 16/16 MP: 6/8
  2900 | D:3      | Found a sparkling altar of Nemelex Xobeh.
  2910 | D:3      | Reached XP level 4. HP: 21/21 MP: 8/10
  2915 | D:3      | Learned a level 4 spell: Olgreb's Toxic Radiance
  2964 | D:3      | Identified the +3 leather armour of the Sparrow {Rampage
                  | Drain Int+7 SInv}
  3426 | D:3      | Reached skill level 4 in Poison Magic
  3621 | D:3      | Reached skill level 1 in Air Magic
  3719 | D:4      | Found a staircase to the Ecumenical Temple.
  4489 | D:4      | Reached XP level 5. HP: 14/24 MP: 0/11
  4959 | D:4      | Found a basalt altar of Yredelemnul.
  4964 | D:4      | Found a burning altar of Makhleb.
  4964 | D:4      | Found a sacrificial altar of Ru.
  4967 | D:4      | Found a broken altar of Ashenzari.
  4995 | D:4      | Became a worshipper of Yredelemnul the Dark
  5051 | D:4      | Found a glowing silver altar of Zin.
  5209 | D:5      | Entered Level 5 of the Dungeon
  5551 | D:5      | Reached skill level 1 in Shields
  5628 | D:5      | Noticed Ijyb
  5812 | D:5      | Reached skill level 5 in Poison Magic
  5812 | D:5      | Reached XP level 6. HP: 28/28 MP: 8/13
  5984 | D:5      | Noticed Pikel
  5986 | D:5      | Noticed a water moccasin
  6058 | D:5      | Killed Pikel
  6059 | D:5      | Reached skill level 5 in Spellcasting
  6059 | D:5      | Reached skill level 6 in Poison Magic
  6059 | D:5      | Reached XP level 7. HP: 32/32 MP: 1/16
  6326 | D:5      | Reached * piety under Yredelemnul
  6414 | D:5      | Killed Ijyb
  6458 | D:5      | Reached ** piety under Yredelemnul
  6664 | D:5      | Your ally Ijyb died
  6945 | D:5      | Noticed Menkaure
  7109 | D:5      | Reached skill level 7 in Poison Magic
  7109 | D:5      | Reached XP level 8. HP: 29/36 MP: 8/18
  7423 | D:5      | Your ally Pikel died
  7692 | D:2      | Killed Sigmund
  8436 | D:6      | Reached skill level 8 in Poison Magic
  9170 | D:7      | Found a blossoming altar of Fedhas.
  9474 | D:7      | Reached XP level 9. HP: 39/39 MP: 20/21
  9670 | D:7      | Reached skill level 9 in Poison Magic
 10088 | D:7      | Noticed a two-headed ogre
 10114 | D:7      | Killed a two-headed ogre
 10192 | D:7      | Identified the ring "Farghott" {Wiz Fly}
 10315 | D:7      | Found a radiant altar of Vehumet.
 10319 | D:7      | Found an ancient bone altar of Kikubaaqudgha.
 10320 | D:7      | Found a shimmering blue altar of Sif Muna.
 10687 | D:8      | Noticed Grum
 10705 | D:8      | Reached skill level 10 in Poison Magic
 10713 | D:8      | Killed Grum
 11078 | D:8      | Found a hide-covered altar of Uskayaw.
 11089 | D:8      | Reached skill level 5 in Shields
 11204 | D:8      | Noticed Maurice
 11227 | D:8      | Noticed Maggie
 11230 | D:8      | Killed Maurice
 11231 | D:8      | Reached XP level 10. HP: 44/44 MP: 13/24
 11241 | D:8      | Killed Maggie
 11510 | D:8      | Found a white marble altar of Elyvilon.
 11817 | D:8      | Learned a level 4 spell: Dispel Undead
 11937 | D:9      | Reached skill level 11 in Poison Magic
 11975 | D:9      | Noticed a centaur warrior
 11976 | D:9      | Noticed a white ugly thing
 13060 | D:9      | Reached skill level 1 in Necromancy
 13226 | D:9      | Noticed a two-headed ogre
 13246 | D:9      | Killed a two-headed ogre
 13302 | D:9      | Slain by a centaur warrior

Illustrated notes

Levels and vault maps discovered:
D:1:      evilmike_arrival_fibonacci_small, layout_basic
D:2:      layout_rooms, ebering_ecumenical_altar_rust, serial_shops, shop,
          uniq_sigmund
D:3:      layout_loops_ring, mainiacjoe_overflow_24_doors
D:4:      layout_loops_ring, minitemple, zin_academy, minmay_temple_entry_mist,
          kennysheep_generic_room_14
D:5:      layout_rooms, uniq_ijyb, uniq_menkaure, uniq_pikel
D:6:      layout_basic
D:7:      layout_basic, grunt_temple_overflow_magic_moments,
          mainiacjoe_overflow_small_starburst
D:8:      layout_loops_ring, nicolae_overflow_hidden_temple,
          mainiacjoe_overflow_paths, enter_bailey_3, uniq_maggie, uniq_grum,
          uniq_maurice
D:9:      minmay_the_grid_3x2 [minmay_the_grid_paths, minmay_the_grid_plusring,
          minmay_the_grid_doors, minmay_the_grid_tree, minmay_the_grid_eight,
          minmay_the_grid_prize_trominoes], layout_long_grid, serial_shops,
          nicolae_inconvenience_store, uniq_joseph, uniq_harold

Skill      XL: |  1  2  3  4  5  6  7  8  9 10 |
---------------+-------------------------------+-----
Spellcasting   | 3 4 5 6 7 9 |  9.7
Transmutations | 2 3 |  3.0
Poison Magic   | 4 5 6 7 8 10 11 | 11.1
Air Magic      | 1 |  1.1
Shields        | 1 2 3 5 |  5.5
Dodging        | 4 |  4.1
Necromancy     | 1 |  1.7
Stealth        | |  3.2

Action                   |  1- 3 |  4- 6 |  7- 9 | 10-12 || total
-------------------------+-------+-------+-------+-------++-------
Melee: Staff             |    25 |    12 |       |       ||    37
       Falchion          |       |    12 |       |       ||    12
       Whip              |       |       |    38 |     5 ||    43
 Cast: Sting             |    68 |    42 |    46 |    27 ||   183
       Poisonous Vapours |     2 |    45 |   131 |    24 ||   202
       Olgreb's Toxic Ra |       |       |     8 |     5 ||    13
Invok: Dark Bargain      |       |       |     1 |       ||     1
Evoke: Wand              |       |       |     8 |       ||     8
  Use: Scroll            |       |     9 |     3 |       ||    12
       Potion            |       |       |       |     1 ||     1
 Stab: Sleeping          |     1 |     2 |       |       ||     3
Armor: Robe              |     4 |     2 |     5 |     6 ||    17
Dodge: Dodged            |    23 |    33 |    54 |    20 ||   130
Block: Other             |     5 |     3 |       |       ||     8
       Buckler           |       |    15 |    54 |    20 ||    89
       Reflection        |       |     1 |     3 |     2 ||     6
